 Dungeon Crawl Stone Soup version 0.29.0-5-ge4962eb29e (webtiles) character file.

Game seed: 9421761493055899505

145 greasedhog the Poker (level 5, 0/43 HPs)
             Began as a Merfolk Gladiator on Aug 30, 2022.
             Killed by nerve-wracking pain
             ... invoked by an orc priest
              (2 damage)
             ... on level 3 of the Dungeon.
             The game lasted 00:02:25 (2311 turns).

greasedhog the Poker (Merfolk Gladiator)            Turns: 2311, Time: 00:02:26

Health: 0/43       AC:  5    Str: 16    XL:     5   Next: 27%
Magic:  5/5        EV: 13    Int:  7    God:
Gold:   123        SH:  0    Dex: 16    Spells: 4/4 levels left

rFire   + . .      SeeInvis .   a - +0 trident (drain)
rCold   . . .      Faith    .   (no shield)
rNeg    . . .      Spirit   .   b - +1 leather armour
rPois   .          Reflect  .   c - +0 helmet
rElec   +          Harm     .   (no cloak)
rCorr   +          Rampage  .   (no gloves)
Will    .....                   (no boots)
Stlth   +.........              (no amulet)
HPRegen 0.14/turn               f - ring "Wocor" {Wiz rElec rF+ rCorr}
MPRegen 0.09/turn               (no ring)

@: no status effects
A: (nimble swimmer 2), mertail
a: no special abilities


You were on level 3 of the Dungeon.
You visited 1 branch of the dungeon, and saw 3 of its levels.

You collected 123 gold pieces.

Inventory:

Hand Weapons
 a - a +0 trident of draining (weapon)
Missiles
 d - 3 throwing nets (quivered)
 e - a javelin
Armour
 b - a +1 leather armour (worn)
 c - a +0 helmet (worn)
Jewellery
 f - the ring "Wocor" (left hand) {Wiz rElec rF+ rCorr}
   (You acquired it on level 2 of the Dungeon)

   [ring of wizardry]

   It improves your spell success rate.
   rF:        It protects you from fire.
   rElec:     It insulates you from electricity.
   rCorr:     It protects you from acid and corrosion.
 j - an amulet of regeneration
Scrolls
 g - 4 scrolls of magic mapping
 m - a scroll of immolation
Potions
 h - a potion of curing {unknown}
 i - a potion of might {unknown}
 k - a potion of mutation {unknown}
 l - a potion of resistance {unknown}
 o - a potion of ambrosia {unknown}


   Skills:
 * Level 4.3 Fighting
 * Level 6.1 Polearms
 - Level 2.0 Throwing
 - Level 4.0 Dodging


You had 4 spell levels left.
You didn't know any spells.
Your spell library contained the following spells:

 Spells                   Type           Power      Damage    Failure   Level
 Summon Small Mammal      Summ           0%         N/A       22%         1
 Call Canine Familiar     Summ           0%         N/A       52%         3
 Ozocubu's Armour         Ice            0%         N/A       52%         3
 Summon Guardian Golem    Hex/Summ       0%         N/A       52%         3
 Ozocubu's Refrigeration  Ice            0%         4d7       100%        7


Dungeon Overview and Level Annotations

Branches:
Dungeon (3/15)

Altars:


Innate Abilities, Weirdness & Mutations

((You are very nimble when in or above water. (Stealth+, EV+, Speed+++)))
Your lower body shifts to a powerful aquatic tail in water.


Message History

An orc priest comes into view. It is wielding a +0 club.
You hit the orc but do no damage.
An endoplasm comes into view.
The orc hits you but does no damage.
You closely miss the orc. The orc misses you.
You barely miss the orc.
The endoplasm quivers.
You puncture the orc! You drain the orc.
You kill the orc!
The orc hits you with a +0 flail!
The orc priest looks satisfied for a moment.
You closely miss the orc.
The endoplasm jiggles.
The orc hits you but does no damage.
You barely miss the orc priest. The orc barely misses you.
The orc priest hits you with a +0 club. The orc hits you but does no damage.
You hit the orc priest.
The orc priest is lightly wounded.
The orc hits you with a +0 flail. The orc priest misses you.
The orc closely misses you.
You barely miss the orc priest.
The orc priest is lightly wounded.
The orc closely misses you. The orc hits you with a +0 club.
The orc priest hits you with a +0 club.
You closely miss the orc priest.
The orc priest is lightly wounded.
The orc hits you with a +0 flail.
The endoplasm hits you but does no damage.
The orc misses you.
The orc priest invokes the aid of Beogh against you.
Beogh smites you!
* * * LOW HITPOINT WARNING * * *
Okay, then.
It was a potion of cancellation.
You feel magically purged. The orc hits you with a +0 flail.
* * * LOW HITPOINT WARNING * * *
The endoplasm misses you. The orc barely misses you.
The orc priest calls down the wrath of Beogh upon you.
Pain shoots through your body!
You die...

#.#.......##.#######.....########
..##...##......<.......###
#...##........####..####
#...###....##.# #..##
........#.....###.##
......#.##.##...#.#
#[..##.....##.....#
#...##.#.#####...J## #...##.# #
###@o.# ######. #oo.# #. ..#.#
.###..# .. ...# .# ##... $. ####
#.


You could see an orc priest, 2 orcs and an endoplasm.

Vanquished Creatures
  Natasha (thrice) (D:2)
  An adder (D:2)
  3 worms
  An orc (D:3)
  4 endoplasms
  4 giant cockroaches
  6 goblins
  3 hobgoblins
  2 jackals (D:2)
  5 kobolds
  4 quokkas
  4 ball pythons
  6 bats
  A frilled lizard (D:1)
  A rat (D:1)
48 creatures vanquished.

Notes
Turn   | Place    | Note
-------+----------+-------------------------------------------
     0 | D:1      | greasedhog the Merfolk Gladiator began the quest for the
                  | Orb.
     0 | D:1      | Reached XP level 1. HP: 16/16 MP: 1/1
   348 | D:1      | Reached XP level 2. HP: 23/23 MP: 2/2
  1105 | D:2      | Identified a scroll of acquirement
  1105 | D:2      | Acquired the ring "Wocor" {Wiz rElec rF+ rCorr}
  1120 | D:2      | Reached XP level 3. HP: 29/29 MP: 3/3
  1230 | D:2      | Reached skill level 5 in Polearms
  1329 | D:2      | Noticed Natasha
  1349 | D:2      | Killed Natasha
  1350 | D:2      | Reached XP level 4. HP: 11/37 MP: 4/4
  1613 | D:2      | Noticed Natasha
  1621 | D:2      | Killed Natasha
  1655 | D:2      | Noticed Natasha
  1666 | D:2      | Killed Natasha
  1667 | D:2      | Reached skill level 6 in Polearms
  1667 | D:2      | Reached XP level 5. HP: 27/42 MP: 5/5
  1974 | D:3      | Found a faded altar of an unknown god.
  2311 | D:3      | HP: 2/43 [orc/+0 flail (5)]
  2311 | D:3      | Killed from afar by an orc priest

Illustrated notes

Levels and vault maps discovered:
D:1:      minmay_arrival_solitary_statue, layout_basic
D:2:      layout_rooms, uniq_natasha
D:3:      layout_rooms, general_overflow_altar, nicolae_ecumenical_oubliette,
          minmay_door_square

Skill      XL: |  1  2  3  4 |
---------------+-------------+-----
Fighting       | 3 4 |  4.3
Polearms       | 5 6 |  6.1
Throwing       | |  2.0
Dodging        | |  4.0

Action                   |  1- 3 |  4- 6 || total
-------------------------+-------+-------++-------
Melee: Trident           |   101 |    60 ||   161
  Use: Scroll            |     7 |     4 ||    11
       Potion            |       |     1 ||     1
 Stab: Sleeping          |     2 |     1 ||     3
Armor: Leather armour    |    29 |    14 ||    43
Dodge: Dodged            |    53 |    26 ||    79
